Vis, lawful male human Samurai ------------------- ---------- |.................| |.%.%.@... |.---------------.|---------------------.|....M.. |...............|......[.................|----------- -------------.{.|.|---------------------.|....).....| |...|.| -----.|.-------..| -----.- ........| |..| --------- |..| --..| ....| ------------------------------..| |............................|..| -..........................|..| |............)<.).....%.))....| |..............[....%......|..| ----------------------------..| ..| Vis the Ninja Experience level: 9 Strength: 18/01 Dexterity: 18 Constitution: 18 Intelligence: 8 Wisdom: 8 Charisma: 5 Health: 0(94) Energy: 32(32) AC: 4 Gold: 854 Moves: 4417 Your Inventory: Coins $ - 854 gold pieces Weapons a - an uncursed +0 katana (weapon in hand) b - an uncursed +3 wakizashi c - an uncursed +0 yumi (alternate weapon; not wielded) d - 12 uncursed +0 ya (in quiver) S - an uncursed [+0 thirsty] arrow Armor w - an [uncursed] +0 elven mithril-coat (being worn) I - a cursed [-1] pair of riding gloves [gauntlets of fumbling] Comestibles g - an uncursed pancake k - an [uncursed] sprig of wolfsbane m - an [uncursed] lizard corpse K - an uncursed tin [of rock piercer meat] L - an uncursed tripe ration Scrolls R - an [uncursed] scroll labeled LEP GEX VEN ZEA [of destroy armor] Potions j - an [uncursed] magenta potion [of sake] Rings h - an uncursed ring called polycontrol [of polymorph control] (on left hand) v - a cursed sapphire ring [of regeneration] N - an uncursed ring called telecontrol [of teleport control] T - an uncursed ring called slowdigest [of slow digestion] (on right hand) U - a cursed [-1] agate ring [of gain strength] V - a cursed ring called slowdigest [of slow digestion] W - an uncursed ring called shapers [of protection from shape changers] X - an uncursed ring called freeaction [of free action] Y - an uncursed ring called confl [of conflict] Z - an uncursed ring called telecontrol [of teleport control] Wands l - an [uncursed] wand of cold [0:4] n - an uncursed wand of lightning [0:4] o - an uncursed wand of light [0:11] y - an uncursed wand of digging [0:7] z - an uncursed wand of digging [0:6] A - an uncursed wand of striking [0:4] B - an uncursed wand of enlightenment [0:5] C - an uncursed wand called doors [of secret door detection (0:10)] D - an uncursed wand called nothing [of undead turning (0:3)] E - an uncursed wand of digging [0:5] F - an uncursed wand of striking [0:7] M - an [uncursed] wand of polymorph [0:4] Tools f - an uncursed pair of lenses i - an uncursed [magic] lamp (lit) s - an uncursed bag called hold [of holding] x - an uncursed key [skeleton key] J - an uncursed [wax] candle O - an uncursed sack Q - an uncursed blindfold Gems e - an [uncursed] yellow gem [citrine] q - an [uncursed] black gem [worthless glass] r - 2 [uncursed] yellowish brown gems [worthless glass] P - 2 [uncursed] violet gems [worthless glass] Contents of the bag of holding: an uncursed candy bar an uncursed carrot an uncursed [stale] egg 8 uncursed gunyoki an uncursed lembas wafer an uncursed slime mold an uncursed tin [of green mold] a blessed scroll called zeme [of earth] an uncursed scroll called zeme [of earth] an uncursed scroll labeled AQUE BRAGH [of identify] 2 uncursed scrolls labeled GARVEN DEH [of confuse monster] an [uncursed] scroll labeled VELOX NEB [of light] 3 uncursed scrolls of teleportation 4 uncursed unlabeled scrolls [of blank paper] a cursed unlabeled scroll [of blank paper] an uncursed amber potion [of gain ability] a blessed brown potion [of sickness] an uncursed clear potion [of water] an uncursed ruby potion [of monster detection] 4 uncursed silver potions [of healing] an uncursed viscous potion [of restore ability] 2 uncursed black gems [worthless glass] an uncursed blue gem [worthless glass] 2 uncursed red gems [worthless glass] 2 uncursed yellow gems [worthless glass] Spells known in the end: Name Level Category Fail Memory Your skills at the end: Fighting Skills martial arts [Basic / Master] body armor [Basic / Expert] Weapon Skills short sword [Basic / Expert] long sword [Skilled / Expert] bow [Basic / Expert] Spellcasting Skills Final Attributes: You were piously aligned. Hunger level was 521. Your alignment was 31 / 32. Monster difficulty range was 1 - 10. Level difficulty was 11. You resisted cold. You resisted poison. You were telepathic. You had slower digestion. You had polymorph control. You were fast. You were lucky (1). You are dead. Vanquished creatures: 2 giant mimics a small mimic a large cat 2 chameleons a giant beetle a giant spider a gnome king an ogre a lizard 2 housecats 2 apes a rock mole a pony a shrieker 11 gnome lords 3 gnomish wizards a black naga hatchling a gray ooze a straw golem 2 paper golems 2 baby crocodiles a giant ant 4 little dogs 2 floating eyes a kitten 6 dwarves 2 homunculi a kobold lord a kobold shaman 3 rothes 2 giant bats a monkey 2 orc zombies 2 dwarf zombies 2 wererats a werejackal 2 iguanas 7 killer bees an acid blob 3 coyotes 2 hobbits 5 manes 3 large kobolds 3 hobgoblins a giant rat 2 cave spiders 2 brown molds 4 yellow molds 2 green molds 2 red molds 65 gnomes 5 garter snakes 3 geckos 3 jackals a fox 4 grid bugs 3 bats 2 lichens 2 kobold zombies 2 newts 199 creatures vanquished. Voluntary challenges: You used a wielded weapon 244 times. You read items or engraved 10 times. You put on armor 3 times. You never genocided any monsters. You never polymorphed an object. You never changed form. You used no wishes. You never wrote Elbereth's name. You never encountered a bones level. You used 3 Sokoban shortcuts. Dungeon overview: The Dungeons of Doom: levels 1 to 6 Level 1 a fountain a long staircase Level 2 a potion shop Level 3 stairs to The Gnomish Mines Level 4 a fountain Level 6 a fountain stairs to Sokoban The Gnomish Mines: levels 4 to 11 Level 4 stairs to The Dungeons of Doom Level 7 some shops, a temple to Amaterasu Omikami, a magic chest, some fountains Level 11 <- You were here a fountain Sokoban: levels 3 to 5 Level 5 stairs to The Dungeons of Doom History has recorded: On T:1 you entered the Dungeons of Doom to retrieve the Amulet of Yendor! On T:158 you reached level 2 of The Dungeons of Doom. On T:327 you reached level 3 of The Dungeons of Doom. On T:369 you advanced to experience level 2. On T:391 you advanced to experience level 3. On T:561 you reached level 4 of The Dungeons of Doom. On T:663 you reached level 5 of The Dungeons of Doom. On T:684 you advanced to experience level 4. On T:719 you reached level 6 of The Dungeons of Doom. On T:787 you reached level 3 of Sokoban. On T:910 you advanced to experience level 5. On T:1016 you reached level 2 of Sokoban. On T:1363 you reached level 1 of Sokoban. On T:1463 you advanced to experience level 6. On T:2442 you advanced to experience level 7. On T:2919 you advanced to experience level 8. On T:3198 you reached level 1 of The Gnomish Mines. On T:3306 you reached level 2 of The Gnomish Mines. On T:3367 you reached level 3 of The Gnomish Mines. On T:3514 you reached level 4 of The Gnomish Mines. On T:3750 you advanced to experience level 9. On T:3956 you reached level 5 of The Gnomish Mines. On T:4002 you reached level 6 of The Gnomish Mines. On T:4070 you reached level 7 of The Gnomish Mines. Latest messages: The gnome lord hits! [HP-4=51] You kill the gnome lord! [HP+1=52] The gnome picks up a sprig of wolfsbane. You kill the gnome! [HP+1=53] k - a sprig of wolfsbane. You hit the gnome lord! You kill the gnome lord! [HP+1=54] You hit the ettin mummy! The ettin mummy hits! (2x) [HP-18=36] You hit the ettin mummy! The ettin mummy hits! (2x) [HP-13=23] You hit the ettin mummy! The ettin mummy hits! (2x) [HP-16=7] You hit the ettin mummy! The ettin mummy turns to flee! The ettin mummy hits! You die... Final status: Sayonara Vis the Samurai... You died in The Gnomish Mines on dungeon level 11 with 1329 points, and 854 pieces of gold, after 4417 moves. You were level 9 with a maximum of 94 hit points when you died.